 Dungeon Crawl Stone Soup version 0.28-a0-1212-gc6b4282bc0 (webtiles) character file.

Game seed: 8198569395576568193

4241 ChaosChampion the Martial Artist (level 10, -2/62 HPs)
             Began as an Octopode Transmuter on Dec 21, 2021.
             Killed by divine providence
             ... invoked by an orc priest
              (15 damage)
             ... on level 8 of the Dungeon.
             The game lasted 00:17:11 (12521 turns).

ChaosChampion the Martial Artist (OpTm)            Turns: 12521, Time: 00:17:12

Health: -2/62      AC:  5    Str: 11    XL:     10   Next: 30%
Magic:  14/16      EV: 13    Int: 19    God:
Gold:   533        SH:  0    Dex: 12    Spells: 7/17 levels left

rFire   . . .      SeeInvis .   k - staff of air
rCold   . . .      Faith    .   (no shield)
rNeg    . . .      Spirit   .   (helmet restricted)
rPois   .          Reflect  .   (no amulet)
rElec   +          Harm     .   b - +4 ring of protection
rCorr   .          Rampage  .   (no ring)
Will    .....                   (no ring)
Stlth   ++........              (no ring)
HPRegen 0.20/turn               (no ring)
MPRegen 0.15/turn               (no ring)
                                (no ring)
                                (no ring)

@: wereblooded
A: almost no armour, amphibious, 8 rings, camouflage 1, gelatinous body 1,
(nimble swimmer 1), tentacles
a: no special abilities


You were on level 8 of the Dungeon.
You visited 1 branch of the dungeon, and saw 8 of its levels.

You collected 533 gold pieces.

Inventory:

Missiles
 p - 21 poisoned darts (quivered)
Magical Staves
 k - a staff of air (weapon)
Jewellery
 b - a +4 ring of protection (left tentacle)
 o - a ring of fire
Wands
 w - a wand of iceblast (5)
Scrolls
 a - a scroll of brand weapon
 g - a scroll of fog
 h - a scroll of enchant armour
 j - 2 scrolls of fear
 m - 2 scrolls of identify
 q - a scroll of vulnerability {unknown}
 s - a scroll of enchant weapon {unknown}
 u - a scroll of teleportation {unknown}
 v - a scroll of noise {unknown}
 x - a scroll of torment {unknown}
Potions
 c - 2 potions of heal wounds
 d - a potion of lignification
 e - 5 potions of curing
 f - a potion of brilliance
 i - 5 potions of flight
 l - 4 potions of degeneration
 n - 3 potions of cancellation
 r - 2 potions of mutation
 t - a potion of haste {unknown}


   Skills:
 + Level 2.8 Fighting
 + Level 3.3 Dodging
 * Level 9.9 Unarmed Combat
 - Level 4.0 Spellcasting
 + Level 8.2 Transmutations
 + Level 2.4 Ice Magic
 + Level 6.0 Poison Magic


You had 7 spell levels left.
You knew the following spells:

 Your Spells              Type           Power      Damage    Failure   Level
a - Beastly Appendage     Tmut           70%        N/A       1%          1
b - Wereblood             Tmut           35%        N/A       1%          2
c - Spider Form           Tmut/Pois      30%        N/A       2%          3
d - Ice Form              Ice/Tmut       24%        N/A       16%         4

Your spell library contained the following spells:

 Spells                   Type           Power      Damage    Failure   Level
 Animate Skeleton         Necr           6%         N/A       14%         1
 Apportation              Tloc           6%         N/A       14%         1
 Summon Small Mammal      Summ           12%        N/A       14%         1
 Ozocubu's Armour         Ice            13%        N/A       16%         3
 Metabolic Englaciation   Hex/Ice        4%         N/A       93%         5
 Simulacrum               Ice/Necr       4%         N/A       100%        6


Dungeon Overview and Level Annotations

Branches:
Dungeon (8/15)             Temple (0/1) D:6
   Lair: D:8-11

Altars:

Annotations:
D:5 zeramoth's ghost, novice MiFi
D:7 2 transporters


Innate Abilities, Weirdness & Mutations

You cannot wear most types of armour.
You are amphibious.
You can wear up to eight rings at the same time.
Your skin changes colour to match your surroundings (Stealth+).
Your rubbery body absorbs attacks. (AC +1, EV +1)
((You are camouflaged when in or above water. (Stealth+)))
You have tentacles for arms and can constrict up to eight enemies at once.


Message History

An orc priest comes into view. It is wielding a +0 club.
The orc closely misses you.
The orc priest shouts!
You hit the orc.
The orc is poisoned.
The orc is almost dead.
The orc closely misses you.
You bite the orc!
You feel a bit better.
You kill the orc!
The orc hits you with a +0 hand axe.
You bite the orc!
You feel a bit better.
You kill the orc!
An orc comes into view. It is wielding a +0 flail.
The orc shouts!
The orc wizard mumbles some strange words.
The orc wizard flickers and vanishes!
Deactivating autopickup; reactivate with Ctrl-A.
Things that are here:
a +0 hand axe; a +0 robe; an orc corpse You hit the orc warrior but do no damage.
The orc warrior is poisoned.
The orc warrior hits you with a +0 glaive!!
The orc wizard hits you but does no damage.
You bite the orc warrior!
The orc warrior is severely wounded.
Your transformation is almost over.
The orc warrior misses you.
The orc warrior hits you with a +0 glaive!!
The orc warrior completely misses you. The orc wizard casts a spell at you.
The puff of flame misses you.
The orc priest calls down the wrath of Beogh upon you.
Beogh smites you!
* * * LOW HITPOINT WARNING * * *
There is a stone staircase leading down here.
Your transformation has ended.
Your staff of air unmelds from your body.
You kill the orc warrior!
The orc priest calls down the wrath of Beogh upon you.
Beogh smites you!
You die...

..........)......#.#
....##########....(# ....#
###[...## ....# #[)....#
....# #.##...# #####
#####.##...# ..#
#..z..##...#
.z######.######...########
..z....z.# #)@.........
...####### #.>########.
...# #####.# ...# #...)o#
...#########....o#
.................####
...#########........#
...############.o...#
...#.......####.o...##


You could see an orc priest, an orc wizard and an orc.

Vanquished Creatures
  Psyche (D:8)
  3 yaks (D:8)
  Duvessa (D:5)
  4 water moccasins
  An ice beast (D:8)
  6 orc warriors
  A sky beast (D:7)
  A necrophage (D:5)
  3 centaurs
  3 ogres
  A phantom (D:6)
  2 bullfrogs (D:6)
  A wyvern zombie (D:5)
  2 scorpions
  A wyvern skeleton (D:6)
  Dowan (D:5)
  A water moccasin skeleton (D:6)
  2 howler monkeys (D:4)
  9 wights
  A bullfrog zombie (D:5)
  2 jellies
  2 orc priests
  3 hounds
  A gnoll shaman (D:4)
  4 iguanas
  2 orc wizards (D:4)
  A killer bee zombie (D:7)
  A howler monkey zombie (D:6)
  10 gnolls
  8 adders
  A shadow imp (D:6)
  An ufetubus (D:3)
  An adder skeleton (D:4)
  2 worms
  5 dart slugs
  39 orcs
  2 bats
  7 endoplasms
  14 goblins
  A hobgoblin (D:3)
  6 jackals
  9 kobolds
  2 quokkas
  2 ball pythons
  5 frilled lizards
  6 rats
182 creatures vanquished.

Notes
Turn   | Place    | Note
-------+----------+-------------------------------------------
     0 | D:1      | ChaosChampion the Octopode Transmuter began the quest for
                  | the Orb.
     0 | D:1      | Reached XP level 1. HP: 13/13 MP: 3/3
   522 | D:1      | Reached XP level 2. HP: 18/18 MP: 3/5
  1156 | D:2      | Learned a level 2 spell: Wereblood
  1166 | D:2      | Reached XP level 3. HP: 17/23 MP: 2/6
  1171 | D:2      | Reached skill level 4 in Unarmed Combat
  1370 | D:2      | Reached XP level 4. HP: 20/28 MP: 4/7
  2261 | D:3      | Reached XP level 5. HP: 17/33 MP: 4/8
  2414 | D:3      | Reached skill level 5 in Unarmed Combat
  2518 | D:3      | Found a faded altar of an unknown god.
  3080 | D:3      | Noticed an ogre
  3091 | D:3      | Killed an ogre
  3092 | D:3      | Reached XP level 6. HP: 38/38 MP: 6/9
  3384 | D:4      | Noticed an orc warrior
  3882 | D:4      | Reached skill level 6 in Unarmed Combat
  4074 | D:3      | Learned a level 3 spell: Spider Form
  4693 | D:4      | Reached skill level 1 in Poison Magic
  4902 | D:4      | Reached XP level 7. HP: 43/43 MP: 6/10
  5022 | D:4      | Identified the +1 leather armour of the Armoured One {-Tele
                  | rN+ Will+ Int+3}
  6196 | D:5      | Entered Level 5 of the Dungeon
  6406 | D:5      | Reached XP level 8. HP: 41/48 MP: 7/12
  6568 | D:5      | Noticed Duvessa
  6570 | D:5      | Noticed Dowan
  6576 | D:5      | Reached skill level 5 in Transmutations
  6808 | D:5      | Reached skill level 5 in Poison Magic
  6856 | D:5      | Found a runed translucent door.
  6949 | D:5      | Killed Duvessa
  6950 | D:5      | Reached skill level 7 in Unarmed Combat
  6955 | D:5      | Killed Dowan
  7259 | D:5      | Noticed zeramoth's ghost (novice MiFi)
  8518 | D:6      | Reached XP level 9. HP: 49/53 MP: 12/15
  8570 | D:6      | Found a staircase to the Ecumenical Temple.
  8658 | D:6      | Reached skill level 8 in Unarmed Combat
  9948 | D:7      | Found a transporter.
  9963 | D:7      | Found a transporter.
 10170 | D:7      | Reached skill level 9 in Unarmed Combat
 10545 | D:7      | Learned a level 4 spell: Ice Form
 10925 | D:8      | Noticed Psyche
 10940 | D:8      | Killed Psyche
 10941 | D:8      | Reached skill level 1 in Ice Magic
 11161 | D:8      | Reached XP level 10. HP: 39/60 MP: 9/16
 12521 | D:8      | Killed from afar by an orc priest

Illustrated notes

Levels and vault maps discovered:
D:1:      dpeg_arrival_long_road, layout_basic
D:2:      layout_basic
D:3:      wander_river, layout_loops_ring,
          hellmonk_ecumenical_altar_arch_garden, minmay_ogre_servants
D:4:      layout_gridville
D:5:      layout_loops_ring, ebering_ghost_reflecting_pool, uniq_duvessa
D:6:      layout_rooms, corexii_leaking_fountain
D:7:      gammafunk_steamed_eel, layout_loops_ring
D:8:      layout_basic, grunt_qazlal_clouds, special_room [special_room_orc],
          uniq_psyche

Skill      XL: |  1  2  3  4  5  6  7  8  9 10 |
---------------+-------------------------------+-----
Unarmed Combat | 4 5 6 7 9 |  9.9
Transmutations | 3 4 6 8 |  8.2
Poison Magic   | 2 4 5 6 |  6.0
Spellcasting   | 3 4 |  4.0
Ice Magic      | 1 2 |  2.4
Fighting       | 2 |  2.8
Dodging        | 3 |  3.3

Action                   |  1- 3 |  4- 6 |  7- 9 | 10-12 || total
-------------------------+-------+-------+-------+-------++-------
Melee: Unarmed           |    60 |   147 |   280 |    93 ||   580
       Constrict         |    12 |    26 |     3 |       ||    41
       Tentacles         |    11 |    18 |     6 |       ||    35
       Kick              |    12 |    16 |     2 |       ||    30
       Punch             |     2 |     5 |     1 |       ||     8
       Staff             |       |       |     6 |       ||     6
 Cast: Beastly Appendage |    12 |    19 |     3 |       ||    34
       Wereblood         |     3 |    19 |    28 |     9 ||    59
       Spider Form       |       |     3 |    41 |    10 ||    54
  Use: Scroll            |       |       |    14 |       ||    14
 Stab: Sleeping          |     3 |     3 |       |       ||     6
Armor: Skin              |     9 |    29 |    31 |     9 ||    78
Dodge: Dodged            |    29 |    85 |   250 |    71 ||   435

Table legend: (Time is in decaauts)
 A = Elapsed time spent in this place.
 B = Non-inter-level travel time spent in this place.
 C = Inter-level travel time spent in this place.
 D = Time resting spent in this place.
 E = Time spent auto-exploring this place.
 F = Levels seen in this place.
 G = Mean time per level.
                   A        B        C        D        E       F      G
               +--------+--------+--------+--------+--------+-----+--------+
         Total |  12461 |  12262 |    199 |   3303 |   6770 |   8 | 1557.6 |
       Dungeon |  12461 |  12262 |    199 |   3303 |   6770 |   8 | 1557.6 |
               +--------+--------+--------+--------+--------+-----+--------+

Top non-repeatable levels by time:
     D:3: 2451 daAuts
     D:7: 2089 daAuts
     D:4: 1801 daAuts
     D:5: 1652 daAuts
     D:2: 1283 daAuts
     D:6: 1257 daAuts
     D:1: 1072 daAuts
     D:8: 852 daAuts
